cohdb
Replays
Latest Replays
All Replays
Popular Replays
Top Player Replays
Match Explorer
How It Works
Community
CoH3 Stats
Reddit
Sign in to upload your games and track your stats! →
Sign in with Steam
Match 41347638
Unlisted
Match 41347638
Overview
Messages
Build Orders
End
Kradschützen Motorcycle Team
Panzerpioneer Squad
250 Light Carrier
Panzerpioneer Squad
Construct Light Support Kompanie
Combat Half-tracks
Fire Support Elements
Assault Grenadier Squad
Veteran Squad Leaders
Flakvierling Half-track
Selects Italian Infantry
Selects Defensive Operations
Fallschirmjäger
Azxc
RECACE
只想养群猪
Particycles
洛洛
와 시바 아이디 또해킹당했노
Tharrats
0
0
Comments
sign in to comment!
No comments posted yet!